 Dungeon Crawl Stone Soup version 0.24.0-123-gd5b16e6ec5 (webtiles) character file.

Game seed: 13448695791845541461, levelgen mode: deterministic

67 FishyPogo the Skirmisher (level 4, 0/37 HPs)
             Began as a Demonspawn Chaos Knight on Jan 29, 2020.
             Was a Plaything of Xom.
             Succumbed to an adder's poison
             ... on level 2 of the Dungeon.
             The game lasted 00:05:41 (1527 turns).

FishyPogo the Skirmisher (Demonspawn Chaos Knight)  Turns: 1527, Time: 00:05:42

Health: 0/37       AC:  7    Str: 13    XL:     4   Next: 0%
Magic:  4/4        EV: 16    Int: 18    God:    Xom [*.....]
Gold:   62         SH:  0    Dex: 18    Spells: 3/3 levels left

rFire    + . .     SeeInvis .   a - +0 falchion (chaos)
rCold    x . .     Gourm    .   (no shield)
rNeg     . . .     Faith    .   b - +2 leather armour
rPois    .         Spirit   .   (no helmet)
rElec    .         Reflect  .   (no cloak)
rCorr    .         Harm     .   (no gloves)
MR       .....                  (no boots)
Stlth    ++........             f - amulet of inaccuracy (curse)
HPRegen  0.12/turn              h - ring of fire
MPRegen  0.09/turn              (no ring)

@: brilliant, agile, lethally poisoned (0 -> -8), berserk cooldown, slowed, very
slow
A: hooves 1, thin metallic scales 1
a: Renounce Religion


You were on level 2 of the Dungeon.
You worshipped Xom.
You were a special plaything of Xom.
You were not hungry.

You visited 1 branch of the dungeon, and saw 2 of its levels.

You collected 62 gold pieces.

Inventory:

Hand Weapons
 a - a +0 falchion of chaos (weapon)
Missiles
 e - 19 stones (quivered)
Armour
 b - a +2 leather armour (worn)
Jewellery
 f - a cursed amulet of inaccuracy (around neck)
 h - a ring of fire (left hand)
Scrolls
 g - 4 scrolls of identify {unknown}
 j - a scroll of magic mapping {unknown}
 k - a scroll of fear {unknown}
 n - a scroll of blinking {unknown}
 o - a scroll of enchant armour {unknown}
 p - a scroll of noise {unknown}
Comestibles
 c - 3 rations
 d - 2 chunks of flesh


   Skills:
 * Level 3.9 Fighting
 + Level 3.2 Long Blades
 + Level 2.4 Armour
 - Level 1.0 Dodging
 + Level 0.3 Stealth


You had 3 spell levels left.
You didn't know any spells.
Your spell library was empty.

Dungeon Overview and Level Annotations

Branches:
Dungeon (2/15)

Altars:
Trog


Innate Abilities, Weirdness & Mutations

You have large cloven feet.
You are partially covered in thin metallic scales. (AC +2)


Message History

You feel sick.
You feel your anger nearly subside.
You are no longer berserk.
You are exhausted.
You feel yourself slow down.
It was a potion of brilliance.
You feel clever all of a sudden.
* * * LOW HITPOINT WARNING * * *
You feel sick.
It was a potion of agility.
You feel agile all of a sudden.
* * * LOW HITPOINT WARNING * * *
You feel sick.
Your library has no spells.
You don't know any spells.
Okay, then.
There is a lethal amount of poison in your body!
* * * LOW HITPOINT WARNING * * *
You feel sick.
You die...
Xom is highly amused!

#. #..# ##+###
#.#.##..###+ #....#
#.#.##..##..
#....###.#.##..##..
#.@............##..
#............)....?
#....###.#.##..####
#....# #...........
#....# #.#.##..####
##'#####.#.##..#
#.........##..#
#..####.####..#
#..# #.# #..#


There were no monsters in sight!

Vanquished Creatures
  An adder (D:2)
  2 oozes
  3 dart slugs
  2 leopard geckos
  2 bats
  A giant cockroach (D:1)
  4 goblins
  5 hobgoblins
  5 kobolds
  2 quokkas (D:2)
  6 frilled lizards
  9 rats
42 creatures vanquished.

Notes
Turn   | Place    | Note
-------+----------+-------------------------------------------
     0 | D:1      | FishyPogo the Demonspawn Chaos Knight began the quest for
                  | the Orb.
     0 | D:1      | Reached XP level 1. HP: 18/18 MP: 1/1
    95 | D:1      | XOM: harmless Erth miscast
   100 | D:1      | Gained mutation: You have large cloven feet. [demonic
                  | ancestry]
   100 | D:1      | Reached XP level 2. HP: 24/24 MP: 2/2
   397 | D:1      | XOM: noise
   581 | D:1      | XOM: harmless Summ miscast
   825 | D:1      | Reached XP level 3. HP: 29/29 MP: 3/3
   974 | D:2      | Reached skill level 1 in Dodging
  1116 | D:2      | XOM: 1-stop teleportation journey
  1130 | D:2      | XOM: cloud trail
  1185 | D:2      | XOM: stat loss: -1 Int (12/13)
  1314 | D:2      | Found a bloodstained altar of Trog.
  1330 | D:2      | XOM: smoke on damage
  1422 | D:2      | XOM: 2-stop teleportation journey
  1520 | D:2      | Gained mutation: You are partially covered in thin metallic
                  | scales. (AC +2) [demonic ancestry]
  1520 | D:2      | Reached XP level 4. HP: 10/37 MP: 4/4
  1527 | D:2      | Succumbed to an adder's poison

Levels and vault maps discovered:
D:1:      minmay_arrival_cross, layout_basic, fountainhead
D:2:      layout_basic, lemuel_doored_altar

Skill      XL: |  1  2  3 |
---------------+----------+-----
Armour         | 2 |  2.4
Long Blades    | 3 |  3.2
Dodging        | 1 |  1.0
Fighting       | |  3.9
Stealth        | |  0.3

Action                   |  1- 3 |  4- 6 || total
-------------------------+-------+-------++-------
Melee: Falchion          |   127 |       ||   127
       Kick              |    19 |       ||    19
  Use: Potion            |     1 |     2 ||     3
 Stab: Petrified         |     2 |       ||     2
       Paralysed         |     1 |       ||     1
  Eat: Chunk             |     2 |       ||     2
Armor: Leather armour    |    44 |       ||    44
Dodge: Dodged            |    65 |       ||    65
       Rpst.: Falchion   |    18 |       ||    18
